 Dungeon Crawl Stone Soup version 0.18-a0-1626-g65af6d3 (webtiles) character file.

44 HandofTrog the Skirmisher (level 3, -7/29 HPs)
             Began as a Demonspawn Wanderer on Mar 24, 2016.
             Mangled by an orc
             ... wielding a +0 flail
              (9 damage)
             ... on level 3 of the Dungeon.
             The game lasted 00:04:06 (1315 turns).

HandofTrog the Skirmisher (Demonspawn Wanderer)     Turns: 1315, Time: 00:04:07

Health: -7/29      AC:  3    Str: 14    XL:     3   Next: 39%
Magic:  4/4        EV: 11    Int: 14    God:
Gold:   49         SH:  0    Dex: 10    Spells: 0 memorised, 4 levels left

rFire  . . .     SeeInvis .     b - +0 spear
rCold  . . .     Gourm    .     d - +0 robe
rNeg   . . .     Faith    .     (no shield)
rPois  .         Spirit   .     (helmet restricted)
rElec  .         Dismiss  .     (no cloak)
rCorr  .         Reflect  .     (no gloves)
SustAt .         Harm     .     m - +0 pair of boots
MR     .....                    (no amulet)
Stlth  ++........               (no ring)
                                (no ring)

@: not resistant to hostile enchantments, unstealthy
A: antennae 1
a: no special abilities


You were on level 3 of the Dungeon.
You were not hungry.

You visited 1 branch of the dungeon, and saw 4 of its levels.

You collected 49 gold pieces.

Inventory:

Hand Weapons
 b - a +0 spear (weapon)
 e - a +0 dagger
Missiles
 g - 8 tomahawks (quivered)
Armour
 d - a +0 robe (worn)
 i - a +0 helmet
 m - a +0 pair of boots (worn)
Jewellery
 p - a cursed ring of loudness {unknown}
Scrolls
 h - a scroll of magic mapping {unknown}
 j - a scroll of recharging {unknown}
 k - a scroll of noise {unknown}
 n - a scroll of fog {unknown}
 o - a scroll of enchant armour {unknown}
 q - a scroll of identify {unknown}
Potions
 l - a potion of heal wounds {unknown}
Books
 a - a book of Minor Magic

   Spells                             Type                      Level
   a - Magic Dart                     Conjuration                  1
   b - Blink                          Translocation                2
   c - Call Imp                       Summoning                    2
   d - Repel Missiles                 Charms/Air                   2
   e - Slow                           Hexes                        2
   f - Conjure Flame                  Conjuration/Fire             3
   g - Mephitic Cloud                 Conjuration/Poison/Air       3
Comestibles
 f - a bread ration


   Skills:
 + Level 3.3 Fighting
 - Level 1.0 Short Blades
 - Level 1.0 Throwing
 - Level 1.0 Dodging
 - Level 2.6 Stealth
 - Level 1.0 Spellcasting
   Level 1.1 Necromancy
   Level 1.0 Poison Magic


You had 4 spell levels left.
You didn't know any spells.

Dungeon Overview and Level Annotations

Branches:
Dungeon (4/15)
 Temple: D:4-7

Altars:
Dithmenos
Fedhas
Okawaru
Ru
Trog

Annotations:
D:4 Blork the orc


Innate Abilities, Weirdness & Mutations

You have a pair of small antennae on your head.


Message History

The orc throws a tomahawk.
The tomahawk misses you.
The orc priest invokes the aid of Beogh against you.
Beogh smites you!
Ouch! That really hurt!
There is an open door here.
You see here a tomahawk.
You see here a dagger.
Found a stone staircase leading up.
Found an iron altar of Okawaru and a bloodstained altar of Trog.
A giant cockroach comes into view.
The giant cockroach bites you.
Found three altars.
The giant cockroach closely misses you.
The giant cockroach bites you but does no damage.
The orc barely misses you.
The orc priest calls down the wrath of Beogh upon you.
Beogh smites you!
* * * LOW HITPOINT WARNING * * *
The orc hits you with a flail!
You die...

{ ..._...#
#.#######....## #o
#.......o.....#
#.#######.#.##o..#.#
##......##.#.##...#
#..oo.#.##.#.##...#
+.....#>...#o##...#
#....{#)#..#.##s..#
#.....#.#.....o@..#
#.....(.##.#.#....#
#.....#.##...+....#
#######.#..#.#....#
#.............
###.#..#.#<...
....... .##..
.###.#. .# ...


You could see an orc priest, 2 orcs and a giant cockroach.

Vanquished Creatures
  An orc priest (D:3)
  A dart slug (D:1)
  A giant cockroach (D:1)
  4 kobolds
  3 bats (D:1)
  A giant newt (D:1)
  3 goblins (D:1)
14 creatures vanquished.

Notes
Turn   | Place    | Note
--------------------------------------------------------------
     0 | D:1      | HandofTrog the Demonspawn Wanderer began the quest for the Orb.
     0 | D:1      | HandofTrog set off with: a book of Minor Magic, a +0 spear, a potion of curing, a +0 robe, a +0 dagger, a bread ration
     0 | D:1      | Reached XP level 1. HP: 15/15 MP: 2/2
   650 | D:1      | Reached skill level 2 in Fighting
   704 | D:1      | Gained mutation: You have a pair of small antennae on your head. [demonic ancestry]
   704 | D:1      | Reached XP level 2. HP: 19/22 MP: 3/3
   967 | D:2      | You fall through a shaft for 2 floors!
  1024 | D:4      | Noticed Blork the orc
  1127 | D:3      | Reached skill level 3 in Fighting
  1127 | D:3      | Reached XP level 3. HP: 14/29 MP: 4/4
  1307 | D:3      | Found an iron altar of Okawaru.
  1307 | D:3      | Found a bloodstained altar of Trog.
  1309 | D:3      | Found a blossoming altar of Fedhas.
  1309 | D:3      | Found a shadowy altar of Dithmenos.
  1309 | D:3      | Found a sacrificial altar of Ru.
  1315 | D:3      | Mangled by an orc

Vault maps used:
D:1:      dpeg_arrival_rooms_c
D:2:      lemuel_round_altar, uniq_iyjb
D:3:      grunt_temple_overflow_open, first_bread, ecumenical_altar_2
D:4:      temple_fountains, serial_shops, shop, uniq_eustachio,
          uniq_blork_the_orc

Skill      XL: |  1  2 |
---------------+-------+-----
Fighting       | 2 3 |  3.3
Short Blades   | |  1.0
Throwing       | |  1.0
Dodging        | |  1.0
Stealth        | |  2.6
Spellcasting   | |  1.0
Necromancy     | |  1.1
Poison Magic   | |  1.0

Action                   || total
-------------------------++-------
Melee: Spear             ||    62
  Use: Potion            ||     1
 Stab: Sleeping          ||     1
  Eat: Chunk             ||     1
